 Dungeon Crawl Stone Soup version 0.31-a0-1388-g4b2ba238e7 (webtiles) character file.

Game seed: 7038703745376573466

143 quinnr the Gusty (level 5, -1/28 HPs)
             Began as a Tengu Air Elementalist on Dec 25, 2023.
             Killed from afar by an orc wizard (12 damage)
             ... with a magic dart
             ... on level 3 of the Dungeon.
             The game lasted 00:04:14 (2283 turns).

quinnr the Gusty (Tengu Air Elementalist)           Turns: 2283, Time: 00:04:16

Health: -1/28      AC:  2    Str:  9    XL:     5   Next: 25%
Magic:  5/9        EV: 12    Int: 17    God:
Gold:   149        SH:  0    Dex: 14    Spells: 7/8 levels left

rFire   . . .        (no weapon)
rCold   . . .        (no shield)
rNeg    . . .        a - +0 robe
rPois   .            h - +0 hat
rElec   .            (no cloak)
rCorr   .            (no gloves)
SInv    .            (boots unavailable)
Will    .....        (no amulet)
Stlth   ++           (no ring)
HPRegen 0.24/turn    (no ring)
MPRegen 0.11/turn

%: acrobat
@: lethally poisoned (-1 -> -2)
A: beak, talons 3, acrobatic
a: no special abilities


You were on level 3 of the Dungeon.
You visited 1 branch of the dungeon, and saw 3 of its levels.

You collected 149 gold pieces.


Innate Abilities, Weirdness & Mutations

You have a beak for a mouth.
You have claws for feet.
You can magically evade attacks while moving or waiting.


   Skills:
 - Level 2.1 Dodging
 - Level 2.0 Stealth
 - Level 2.0 Spellcasting
 - Level 1.3 Conjurations
 * Level 7.6 Air Magic


You had 7 spell levels left.
You knew the following spells:

 Your Spells              Type           Power      Damage    Failure   Level
z - Shock                 Conj/Air       68%        1d7       3%          1

Your spell library contained the following spells:

 Spells                   Type           Power      Damage    Failure   Level
 Swiftness                Air            27%        N/A       2%          3
 Static Discharge         Conj/Air       34%        3-5/arc   4%          2
 Airstrike                Air            13%        2d(2-18)  9%          4
 Olgreb's Toxic Radiance  Alch           1%         N/A       88%         4
 Ozocubu's Refrigeration  Ice            0%         4d7       100%        7
 Discord                  Hex            0%         N/A       100%        8

Inventory:

Armour
 a - a +0 robe (worn)
 h - a +0 hat (worn)
Scrolls
 d - 3 scrolls of identify {unknown}
 g - a scroll of noise {unknown}
 i - a scroll of brand weapon {unknown}
Potions
 b - a potion of magic
 c - 2 potions of curing {unknown}
 e - a potion of brilliance {unknown}
 f - 3 potions of might {unknown}

Dungeon Overview and Level Annotations

Branches:
Dungeon (3/15)

Altars:

........#
####.#.#####.##
#######.# #.###.#
#..# # #.# ##.#.##
##.#
#.#########.## #.#
... #...........#
#.# ##..#
#.########..# #.#
#...o #.# #..# #.#
#...# #######.#
#..#######.# #...#
.[......#
#@.........# #...#
######)##
#{#######..# #..>#
#.#
#.#######..###...#
# #.#
#.............(..#
# #.#
##########.#####..
# #.# #.# .. # #.#
#.# . # #.# #.# .
## #.# #..


There were no monsters in sight!


Message History

You're too confused to cast spells.
You bump into the rock wall.
The orc wizard hits you with a +1 dagger of venom.
You are poisoned.
You bump into the rock wall.
You feel less confused.
You feel very sick. The orc wizard barely misses you.
Unknown command.
The zap misses the orc wizard.
You feel very sick.
The orc wizard gestures wildly while chanting.
The orc wizard flickers and vanishes!
Deactivating autopickup; reactivate with Ctrl-A.
You can't see any susceptible monsters within range! (Use Z to cast anyway.) Unknown command.
You feel sick.
You feel sick.
You feel sick.
You feel sick.
You feel sick.
Casting: Shock (safe; 3% risk of failure)
Confirm with . or Enter, or press ? or * to list all spells.
Aiming: Shock (safe; 3% risk of failure)
Press: ? - help, Shift-Dir - straight line, f - you The zap hits something.
You feel sick.
You hear some strange, mumbled words.
A magic dart appears from out of thin air!
The magic dart hits you!
You die...

Skill      XL: |  1  2  3  4 |
---------------+-------------+-----
Air Magic      | 5 6 7 |  7.6
Dodging        | |  2.1
Stealth        | |  2.0
Spellcasting   | |  2.0
Conjurations   | |  1.3

Action                     |  1- 3 |  4- 6 || total
---------------------------+-------+-------++-------
   Cast: Shock             |    57 |    48 ||   105
 Armour: Robe              |     4 |     4 ||     8
  Dodge: Dodged            |    10 |     3 ||    13

Levels and vault maps discovered:
D:1:      dpeg_arrival_connections, layout_rooms, hex_tiny
D:2:      layout_basic, kennysheep_generic_room_12, uniq_natasha
D:3:      layout_loops_ring

Notes
Turn   | Place    | Note
-------+----------+-------------------------------------------
     0 | D:1      | quinnr the Tengu Air Elementalist began the quest for the
                  | Orb.
     0 | D:1      | Reached XP level 1. HP: 10/10 MP: 4/4
   142 | D:1      | Reached XP level 2. HP: 15/15 MP: 3/6
   224 | D:1      | Reached skill level 5 in Air Magic
   569 | D:1      | Reached XP level 3. HP: 17/19 MP: 2/7
  1065 | D:2      | Noticed Natasha
  1078 | D:2      | Killed Natasha
  1079 | D:2      | Reached skill level 6 in Air Magic
  1079 | D:2      | Reached XP level 4. HP: 24/24 MP: 3/8
  1288 | D:2      | Noticed Natasha
  1297 | D:2      | Killed Natasha
  1298 | D:2      | Reached skill level 7 in Air Magic
  1795 | D:2      | Noticed Natasha
  1803 | D:2      | Killed Natasha
  1804 | D:2      | Reached XP level 5. HP: 18/28 MP: 0/9
  2283 | D:3      | Killed from afar by an orc wizard

Vanquished Creatures
  Natasha (thrice) (D:2)
  An adder (D:3)
  2 dart slugs
  3 orcs (D:3)
  7 bats
  2 endoplasms (D:2)
  2 giant cockroaches
  4 goblins
  5 hobgoblins
  4 jackals (D:1)
  2 quokkas
  2 ball pythons (D:1)
  4 frilled lizards
  4 kobolds
  5 rats
50 creatures vanquished.

Table legend: (Time is in decaauts)
 A = Elapsed time spent in this place.
 B = Non-inter-level travel time spent in this place.
 C = Inter-level travel time spent in this place.
 D = Time resting spent in this place.
 E = Time spent auto-exploring this place.
 F = Levels seen in this place.
 G = Mean time per level.
                   A        B        C        D        E       F      G
               +--------+--------+--------+--------+--------+-----+--------+
         Total |   2282 |   2238 |     44 |      3 |   1953 |   3 |  760.7 |
       Dungeon |   2282 |   2238 |     44 |      3 |   1953 |   3 |  760.7 |
               +--------+--------+--------+--------+--------+-----+--------+

Top non-repeatable levels by time:
     D:1: 985 daAuts
     D:2: 946 daAuts
     D:3: 350 daAuts

Table legend:
 A = Non-vault XP
 B = Vault XP
 C = Vault XP percentage of total XP
 D = Non-vault monster count
 E = Vault monster count
 F = Vault count percentage of total count
                 A         B        C        D         E       F
            +---------+---------+-------+---------+---------+-------
      Total |     163 |      42 |  20.5 |      47 |       3 |   6.0
            +---------+---------+-------+---------+---------+-------
        D:1 |      45 |       0 |   0.0 |      27 |       0 |   0.0
        D:2 |      89 |      42 |  32.1 |      12 |       3 |  20.0
        D:3 |      29 |       0 |   0.0 |       8 |       0 |   0.0
            +---------+---------+-------+---------+---------+-------

Levels and vault maps discovered:
D:1:      dpeg_arrival_connections, layout_rooms, hex_tiny
D:2:      layout_basic, kennysheep_generic_room_12, uniq_natasha
D:3:      layout_loops_ring
